2620 views
Uploaded 2019-12-08 19:37:54
Game version 1.32.0.3 / 1.32.0.3.1
37:24 long 2on2 ladder game on (4)Avalanche_LV
Saved by BEARAND
2620 views
Uploaded 2019-12-08 19:37:54
Game version 1.32.0.3 / 1.32.0.3.1
37:24 long 2on2 ladder game on (4)Avalanche_LV


42 units @ 3.9k
/ 0.2k
201 buildings @ 8.9k
/ 4.9k
BEARAND
(37:20) : 


x1)
| Staff of Sanctuary | 3 | 750 |
| Orb of Fire | 1 | 325 |
| Boots of Speed | 3 | 750 |
| Staff of Teleportation | 4 | 600 |
| Tome of Retraining | 1 | 300 |
| total: | 12 | 2725g |
| Peasant | 17 | 1275 | / | 0 |
| Priest | 1 | 135 | / | 10 |
| Dragonhawk Rider | 5 | 1000 | / | 150 |
| total: | 23 | 2410g | / | 160w |
| Scout Tower | 99 | 2970 | / | 1980 |
| Arcane Tower | 5 | 350 | / | 250 |
| Guard Tower | 32 | 2240 | / | 1600 |
| Altar of Kings | 1 | 180 | / | 50 |
| Farm | 5 | 400 | / | 100 |
| Lumber Mill | 1 | 120 | / | 0 |
| Arcane Vault | 4 | 520 | / | 120 |
| Town Hall | 1 | 385 | / | 205 |
| Blacksmith | 1 | 140 | / | 60 |
| Barracks | 1 | 160 | / | 60 |
| Arcane Sanctum | 1 | 150 | / | 140 |
| Gryphon Aviary | 1 | 140 | / | 150 |
| Keep | 1 | 320 | / | 210 |
| Castle | 1 | 360 | / | 210 |
| total: | 115 | 5165g | / | 2865w |
| 0:03 | Peasant |
| 0:03 | Peasant |
| 0:07 | Altar of Kings |
| 0:19 | Farm |
| 0:21 | Peasant |
| 0:34 | Peasant |
| 0:38 | Farm |
| 0:56 | Peasant |
| 1:06 | Lumber Mill |
| 1:09 | Scout Tower |
| 1:14 | Peasant |
| 1:25 | Peasant |
| 1:32 | Peasant |
| 1:36 | Arcane Tower |
| 1:37 | Scout Tower |
| 1:39 | Scout Tower |
| 1:45 | Peasant |
| 1:56 | Scout Tower |
| 1:58 | Peasant |
| 2:06 | Summon Water Elemental |
| 2:08 | Guard Tower |
| 2:10 | Scout Tower |
| 2:31 | Peasant |
| 2:31 | Peasant |
| 2:31 | Peasant |
| 2:50 | Guard Tower |
| 2:52 | Peasant |
| 3:25 | Guard Tower |
| 3:27 | Keep |
| 3:29 | Scout Tower |
| 3:41 | Boots of Speed |
| 3:41 | Staff of Teleportation |
| 3:58 | Guard Tower |
| 3:59 | Scout Tower |
| 3:59 | Scout Tower |
| 4:00 | Scout Tower |
| 4:03 | Farm |
| 4:25 | Brilliance Aura |
| 5:16 | Guard Tower |
| 5:18 | Scout Tower |
| 5:19 | Scout Tower |
| 5:19 | Scout Tower |
| 5:35 | Scout Tower |
| 5:36 | Scout Tower |
| 5:36 | Scout Tower |
| 5:37 | Scout Tower |
| 5:38 | Improved Masonry |
| 5:59 | Improved Lumber Harvesting |
| 6:36 | Guard Tower |
| 7:02 | Storm Bolt |
| 7:04 | Guard Tower |
| 7:05 | Castle |
| 7:06 | Advanced Masonry |
| 7:23 | Arcane Sanctum |
| 7:45 | Boots of Speed |
| 8:04 | Staff of Teleportation |
| 8:04 | Staff of Teleportation |
| 8:20 | Guard Tower |
| 8:21 | Guard Tower |
| 8:41 | Scout Tower |
| 8:41 | Scout Tower |
| 8:42 | Scout Tower |
| 8:42 | Scout Tower |
| 9:16 | Guard Tower |
| 9:18 | Magic Sentry |
| 9:18 | Priest |
| 9:21 | Farm |
| 9:22 | Farm |
| 9:45 | Arcane Vault |
| 9:47 | Arcane Vault |
| 9:49 | Arcane Vault |
| 10:00 | Guard Tower |
| 10:30 | Summon Water Elemental |
| 10:49 | Bash |
| 11:01 | Guard Tower |
| 11:02 | Scout Tower |
| 11:02 | Scout Tower |
| 11:03 | Scout Tower |
| 11:04 | Scout Tower |
| 11:05 | Scout Tower |
| 11:06 | Scout Tower |
| 11:28 | Imbued Masonry |
| 11:37 | Guard Tower |
| 11:45 | Arcane Vault |
| 11:48 | Tome of Retraining |
| 11:48 | Retrain Hero |
| 11:51 | Blizzard |
| 11:51 | Brilliance Aura |
| 11:51 | Blizzard |
| 11:54 | Guard Tower |
| 12:36 | Guard Tower |
| 12:37 | Holy Light |
| 12:53 | Guard Tower |
| 13:03 | Staff of Sanctuary |
| 13:33 | Town Hall |
| 13:40 | Scout Tower |
| 13:40 | Scout Tower |
| 13:41 | Scout Tower |
| 13:41 | Scout Tower |
| 13:41 | Scout Tower |
| 13:42 | Scout Tower |
| 13:42 | Scout Tower |
| 13:43 | Scout Tower |
| 14:22 | Staff of Teleportation |
| 14:24 | Boots of Speed |
| 14:40 | Arcane Tower |
| 14:40 | Guard Tower |
| 14:50 | Guard Tower |
| 15:26 | Guard Tower |
| 15:41 | Staff of Sanctuary |
| 16:12 | Guard Tower |
| 16:16 | Scout Tower |
| 16:17 | Scout Tower |
| 16:17 | Scout Tower |
| 16:18 | Scout Tower |
| 16:18 | Scout Tower |
| 16:19 | Scout Tower |
| 17:51 | Guard Tower |
| 17:53 | Peasant |
| 17:53 | Peasant |
| 17:54 | Peasant |
| 17:56 | Gryphon Aviary |
| 17:57 | Blacksmith |
| 17:57 | Barracks |
| 18:51 | Storm Bolt |
| 19:56 | Staff of Sanctuary |
| 20:38 | Arcane Tower |
| 20:43 | Scout Tower |
| 20:43 | Scout Tower |
| 20:44 | Scout Tower |
| 20:44 | Scout Tower |
| 20:47 | Iron Forged Swords |
| 20:47 | Studded Leather Armor |
| 20:56 | Scout Tower |
| 20:56 | Scout Tower |
| 20:57 | Scout Tower |
| 20:57 | Scout Tower |
| 20:58 | Scout Tower |
| 20:59 | Scout Tower |
| 20:59 | Scout Tower |
| 21:00 | Scout Tower |
| 21:00 | Scout Tower |
| 21:01 | Scout Tower |
| 21:01 | Scout Tower |
| 21:01 | Scout Tower |
| 21:02 | Scout Tower |
| 21:02 | Scout Tower |
| 21:05 | Advanced Lumber Harvesting |
| 21:07 | Dragonhawk Rider |
| 21:07 | Dragonhawk Rider |
| 21:08 | Dragonhawk Rider |
| 21:13 | Arcane Tower |
| 21:32 | Animal War Training |
| 21:37 | Guard Tower |
| 22:21 | Guard Tower |
| 22:24 | Scout Tower |
| 22:25 | Scout Tower |
| 22:25 | Scout Tower |
| 22:26 | Scout Tower |
| 22:26 | Scout Tower |
| 22:27 | Scout Tower |
| 22:27 | Scout Tower |
| 22:28 | Scout Tower |
| 22:43 | Brilliance Aura |
| 23:11 | Divine Shield |
| 24:25 | Guard Tower |
| 24:27 | Scout Tower |
| 24:28 | Scout Tower |
| 24:29 | Dragonhawk Rider |
| 24:30 | Steel Forged Swords |
| 24:30 | Reinforced Leather Armor |
| 25:21 | Guard Tower |
| 25:34 | Dragonhawk Rider |
| 25:35 | Guard Tower |
| 25:39 | Scout Tower |
| 25:40 | Scout Tower |
| 25:40 | Scout Tower |
| 25:41 | Scout Tower |
| 25:41 | Scout Tower |
| 25:42 | Scout Tower |
| 25:42 | Scout Tower |
| 25:43 | Scout Tower |
| 25:44 | Scout Tower |
| 27:35 | Scout Tower |
| 27:36 | Scout Tower |
| 27:36 | Scout Tower |
| 27:37 | Scout Tower |
| 27:37 | Scout Tower |
| 27:38 | Scout Tower |
| 28:06 | Guard Tower |
| 28:13 | Guard Tower |
| 28:16 | Arcane Tower |
| 28:55 | Scout Tower |
| 28:56 | Scout Tower |
| 28:56 | Scout Tower |
| 28:57 | Scout Tower |
| 28:57 | Scout Tower |
| 28:57 | Scout Tower |
| 28:58 | Scout Tower |
| 28:58 | Scout Tower |
| 29:34 | Orb of Fire |
| 29:40 | Guard Tower |
| 30:25 | Guard Tower |
| 31:33 | Scout Tower |
| 31:34 | Scout Tower |
| 31:34 | Scout Tower |
| 31:35 | Scout Tower |
| 31:35 | Scout Tower |
| 31:35 | Scout Tower |
| 31:36 | Scout Tower |
| 31:37 | Scout Tower |
| 32:00 | Holy Light |
| 32:09 | Guard Tower |
| 33:04 | Bash |
| 34:44 | Brilliance Aura |
| 35:08 | Cloud |
| Right click | 3570 |
| Select | 902 |
| Select group | 648 |
| Build/train/purchase | 247 |
| Use ability | 148 |
| Chat | 62 |
| Misc. action | 32 |
| Assign group | 22 |
| Minimap ping | 14 |
| Resource trade | 13 |
| Item give/drop | 4 |
| Remove unit | 3 |



| Scroll of Regeneration | 1 | 100 |
| Staff of Sanctuary | 3 | 750 |
| Orb of Fire | 2 | 650 |
| Staff of Teleportation | 4 | 600 |
| Periapt of Vitality | 1 | 325 |
| total: | 11 | 2425g |
| Peasant | 18 | 1350 | / | 0 |
| Priest | 1 | 135 | / | 10 |
| total: | 19 | 1485g | / | 10w |
| Scout Tower | 76 | 2280 | / | 1520 |
| Arcane Tower | 1 | 70 | / | 50 |
| Guard Tower | 56 | 3920 | / | 2800 |
| Altar of Kings | 1 | 180 | / | 50 |
| Lumber Mill | 1 | 120 | / | 0 |
| Farm | 4 | 320 | / | 80 |
| Arcane Vault | 2 | 260 | / | 60 |
| Town Hall | 1 | 385 | / | 205 |
| Arcane Sanctum | 1 | 150 | / | 140 |
| Keep | 1 | 320 | / | 210 |
| Castle | 1 | 360 | / | 210 |
| total: | 86 | 3695g | / | 2055w |
| 0:01 | Peasant |
| 0:04 | Altar of Kings |
| 0:12 | Peasant |
| 0:19 | Lumber Mill |
| 0:22 | Peasant |
| 0:40 | Farm |
| 0:41 | Peasant |
| 1:02 | Peasant |
| 1:11 | Peasant |
| 1:24 | Farm |
| 1:27 | Peasant |
| 1:48 | Scout Tower |
| 1:51 | Scout Tower |
| 1:58 | Peasant |
| 2:07 | Flame Strike |
| 2:14 | Peasant |
| 2:16 | Arcane Tower |
| 2:46 | Guard Tower |
| 2:47 | Scout Tower |
| 3:11 | Arcane Vault |
| 3:21 | Guard Tower |
| 3:26 | Peasant |
| 3:27 | Peasant |
| 4:06 | Peasant |
| 4:09 | Scout Tower |
| 4:10 | Scout Tower |
| 4:11 | Scout Tower |
| 4:11 | Scout Tower |
| 5:01 | Scout Tower |
| 5:02 | Scout Tower |
| 5:03 | Scout Tower |
| 5:12 | Peasant |
| 5:13 | Guard Tower |
| 5:18 | Scout Tower |
| 5:19 | Scout Tower |
| 5:20 | Scout Tower |
| 5:22 | Peasant |
| 5:47 | Guard Tower |
| 5:49 | Keep |
| 5:49 | Guard Tower |
| 5:58 | Scout Tower |
| 6:00 | Scout Tower |
| 6:04 | Scout Tower |
| 6:15 | Guard Tower |
| 6:17 | Improved Masonry |
| 6:26 | Staff of Teleportation |
| 6:27 | Staff of Teleportation |
| 6:33 | Guard Tower |
| 6:36 | Guard Tower |
| 6:40 | Scout Tower |
| 6:41 | Scout Tower |
| 6:59 | Guard Tower |
| 7:27 | Guard Tower |
| 7:39 | Banish |
| 7:55 | Guard Tower |
| 8:39 | Farm |
| 8:40 | Castle |
| 9:29 | Scout Tower |
| 9:30 | Scout Tower |
| 9:32 | Scout Tower |
| 9:32 | Scout Tower |
| 9:33 | Scout Tower |
| 9:34 | Scout Tower |
| 9:49 | Advanced Masonry |
| 9:52 | Scroll of Regeneration |
| 9:59 | Guard Tower |
| 10:00 | Guard Tower |
| 10:01 | Guard Tower |
| 10:28 | Storm Bolt |
| 10:48 | Guard Tower |
| 11:19 | Scout Tower |
| 11:19 | Scout Tower |
| 11:20 | Scout Tower |
| 11:45 | Scout Tower |
| 11:46 | Scout Tower |
| 11:46 | Scout Tower |
| 11:48 | Guard Tower |
| 11:51 | Imbued Masonry |
| 12:20 | Staff of Teleportation |
| 12:25 | Holy Light |
| 12:34 | Staff of Sanctuary |
| 12:39 | Guard Tower |
| 12:47 | Guard Tower |
| 12:50 | Scout Tower |
| 12:51 | Scout Tower |
| 12:56 | Guard Tower |
| 13:21 | Guard Tower |
| 13:24 | Scout Tower |
| 13:25 | Scout Tower |
| 13:27 | Scout Tower |
| 13:28 | Scout Tower |
| 13:29 | Scout Tower |
| 13:30 | Scout Tower |
| 13:32 | Scout Tower |
| 13:33 | Scout Tower |
| 13:34 | Scout Tower |
| 13:54 | Guard Tower |
| 14:19 | Guard Tower |
| 14:31 | Farm |
| 14:46 | Town Hall |
| 14:48 | Scout Tower |
| 14:49 | Scout Tower |
| 14:54 | Staff of Teleportation |
| 15:09 | Peasant |
| 15:14 | Peasant |
| 15:18 | Guard Tower |
| 15:43 | Guard Tower |
| 16:03 | Guard Tower |
| 16:04 | Scout Tower |
| 16:05 | Scout Tower |
| 16:13 | Flame Strike |
| 16:43 | Scout Tower |
| 16:43 | Scout Tower |
| 16:45 | Guard Tower |
| 16:50 | Scout Tower |
| 16:51 | Scout Tower |
| 16:52 | Scout Tower |
| 17:16 | Guard Tower |
| 17:52 | Scout Tower |
| 17:53 | Scout Tower |
| 17:54 | Peasant |
| 17:55 | Peasant |
| 17:56 | Guard Tower |
| 18:08 | Scout Tower |
| 18:08 | Scout Tower |
| 18:48 | Guard Tower |
| 18:56 | Scout Tower |
| 18:57 | Scout Tower |
| 19:59 | Guard Tower |
| 20:03 | Scout Tower |
| 20:03 | Scout Tower |
| 20:09 | Arcane Vault |
| 20:32 | Bash |
| 20:37 | Guard Tower |
| 20:49 | Scout Tower |
| 20:49 | Scout Tower |
| 21:02 | Staff of Sanctuary |
| 21:10 | Orb of Fire |
| 21:15 | Guard Tower |
| 21:23 | Scout Tower |
| 21:24 | Scout Tower |
| 21:25 | Scout Tower |
| 21:25 | Scout Tower |
| 21:26 | Scout Tower |
| 21:30 | Guard Tower |
| 21:40 | Scout Tower |
| 21:42 | Scout Tower |
| 21:43 | Scout Tower |
| 21:44 | Scout Tower |
| 21:53 | Scout Tower |
| 22:04 | Scout Tower |
| 22:21 | Arcane Sanctum |
| 22:23 | Improved Lumber Harvesting |
| 22:23 | Advanced Lumber Harvesting |
| 22:29 | Guard Tower |
| 22:53 | Divine Shield |
| 23:27 | Staff of Sanctuary |
| 23:36 | Guard Tower |
| 23:37 | Scout Tower |
| 23:38 | Scout Tower |
| 23:59 | Scout Tower |
| 24:12 | Guard Tower |
| 24:45 | Guard Tower |
| 25:20 | Guard Tower |
| 25:32 | Scout Tower |
| 25:32 | Scout Tower |
| 25:39 | Magic Sentry |
| 26:01 | Guard Tower |
| 26:10 | Orb of Fire |
| 26:54 | Guard Tower |
| 27:37 | Priest |
| 28:23 | Guard Tower |
| 29:04 | Periapt of Vitality |
| 30:14 | Banish |
| 33:03 | Holy Light |
| 33:22 | Storm Bolt |
| 37:12 | Banish |
| Right click | 2553 |
| Select | 1160 |
| Select group | 643 |
| Assign group | 231 |
| Build/train/purchase | 159 |
| Use ability | 115 |
| Misc. action | 13 |
| Minimap ping | 8 |
| Item give/drop | 2 |
90 units @ 15.8k
/ 2.7k
37 buildings @ 5.9k
/ 2.3k


| Acolyte | 12 | 900 | / | 0 |
| Ghoul | 14 | 1680 | / | 0 |
| Crypt Fiend | 13 | 2795 | / | 520 |
| Meat Wagon | 10 | 2300 | / | 500 |
| Gargoyle | 4 | 700 | / | 120 |
| total: | 53 | 8375g | / | 1140w |
| Spirit Tower | 4 | 580 | / | 160 |
| Altar of Darkness | 1 | 180 | / | 50 |
| Crypt | 2 | 400 | / | 100 |
| Graveyard | 1 | 215 | / | 0 |
| Ziggurat | 11 | 1650 | / | 550 |
| Necropolis | 1 | 225 | / | 0 |
| Tomb of Relics | 1 | 130 | / | 30 |
| Slaughterhouse | 1 | 140 | / | 135 |
| Halls of the Dead | 1 | 320 | / | 210 |
| total: | 18 | 2940g | / | 865w |
| 0:04 | Acolyte |
| 0:18 | Altar of Darkness |
| 0:21 | Acolyte |
| 0:37 | Acolyte |
| 0:45 | Crypt |
| 1:00 | Acolyte |
| 1:10 | Graveyard |
| 1:36 | Crypt |
| 1:47 | Ziggurat |
| 1:53 | Ziggurat |
| 2:33 | Creature Attack |
| 2:41 | Ghoul |
| 2:41 | Ghoul |
| 3:11 | Ghoul |
| 3:19 | Spirit Tower |
| 3:30 | Ghoul |
| 3:40 | Unholy Strength |
| 4:03 | Frost Nova |
| 4:04 | Ghoul |
| 4:09 | Ghoul |
| 4:38 | Ziggurat |
| 4:41 | Ziggurat |
| 4:53 | Ziggurat |
| 5:36 | Crypt Fiend |
| 5:49 | Creature Carapace |
| 5:57 | Spirit Tower |
| 6:45 | Crypt Fiend |
| 6:51 | Necropolis |
| 7:03 | Cannibalize |
| 7:16 | Frost Armor |
| 7:26 | Crypt Fiend |
| 8:03 | Halls of the Dead |
| 8:15 | Crypt Fiend |
| 8:40 | Crypt Fiend |
| 9:27 | Crypt Fiend |
| 9:34 | Ziggurat |
| 9:39 | Acolyte |
| 10:22 | Acolyte |
| 10:50 | Crypt Fiend |
| 10:59 | Frost Nova |
| 11:05 | Acolyte |
| 11:23 | Ghoul |
| 11:47 | Ghoul |
| 12:46 | Acolyte |
| 12:49 | Ziggurat |
| 12:59 | Tomb of Relics |
| 13:04 | Slaughterhouse |
| 13:58 | Crypt Fiend |
| 13:59 | Crypt Fiend |
| 14:04 | Spirit Tower |
| 14:24 | Meat Wagon |
| 14:36 | Meat Wagon |
| 15:27 | Meat Wagon |
| 16:00 | Meat Wagon |
| 16:01 | Ghoul |
| 16:01 | Ghoul |
| 16:25 | Ghoul |
| 16:46 | Ghoul |
| 16:49 | Ziggurat |
| 17:29 | Death Coil |
| 17:49 | Crypt Fiend |
| 17:49 | Crypt Fiend |
| 18:21 | Ziggurat |
| 18:49 | Gargoyle |
| 19:56 | Meat Wagon |
| 19:56 | Meat Wagon |
| 20:34 | Gargoyle |
| 20:34 | Gargoyle |
| 20:37 | Meat Wagon |
| 21:14 | Gargoyle |
| 21:32 | Ghoul |
| 21:56 | Ghoul |
| 23:13 | Meat Wagon |
| 23:13 | Meat Wagon |
| 24:38 | Meat Wagon |
| 24:41 | Exhume Corpses |
| 24:49 | Ziggurat |
| 25:40 | Acolyte |
| 25:41 | Acolyte |
| 26:11 | Crypt Fiend |
| 26:34 | Ziggurat |
| 27:49 | Acolyte |
| 27:50 | Acolyte |
| 28:56 | Crypt Fiend |
| 33:07 | Unholy Aura |
| 34:18 | Spirit Tower |
| Right click | 1246 |
| Select | 563 |
| Misc. action | 410 |
| Select group | 355 |
| Build/train/purchase | 81 |
| Use ability | 56 |
| Assign group | 40 |
| Chat | 4 |
| Minimap ping | 2 |



| Rod of Necromancy | 1 | 150 |
| Orb of Corruption | 1 | 375 |
| Potion of Healing | 1 | 150 |
| total: | 3 | 675g |
| Acolyte | 8 | 600 | / | 0 |
| Ghoul | 3 | 360 | / | 0 |
| Crypt Fiend | 8 | 1720 | / | 320 |
| Obsidian Statue | 4 | 800 | / | 140 |
| Abomination | 7 | 1680 | / | 490 |
| Meat Wagon | 3 | 690 | / | 150 |
| Frost Wyrm | 4 | 1540 | / | 480 |
| total: | 37 | 7390g | / | 1580w |
| Spirit Tower | 1 | 145 | / | 40 |
| Graveyard | 2 | 430 | / | 0 |
| Ziggurat | 9 | 1350 | / | 450 |
| Crypt | 1 | 200 | / | 50 |
| Altar of Darkness | 1 | 180 | / | 50 |
| Tomb of Relics | 1 | 130 | / | 30 |
| Slaughterhouse | 2 | 280 | / | 270 |
| Sacrificial Pit | 1 | 75 | / | 150 |
| Boneyard | 2 | 350 | / | 400 |
| Halls of the Dead | 1 | 320 | / | 210 |
| Black Citadel | 1 | 325 | / | 230 |
| total: | 19 | 2995g | / | 1400w |
| 0:02 | Acolyte |
| 0:15 | Acolyte |
| 0:29 | Graveyard |
| 0:35 | Ziggurat |
| 0:39 | Acolyte |
| 0:47 | Crypt |
| 1:07 | Altar of Darkness |
| 1:30 | Tomb of Relics |
| 1:38 | Ziggurat |
| 1:49 | Ghoul |
| 2:03 | Ghoul |
| 2:25 | Ghoul |
| 2:48 | Crypt Fiend |
| 3:04 | Halls of the Dead |
| 3:25 | Crypt Fiend |
| 3:28 | Carrion Beetles |
| 3:41 | Rod of Necromancy |
| 4:01 | Crypt Fiend |
| 4:29 | Ziggurat |
| 5:37 | Crypt Fiend |
| 6:20 | Crypt Fiend |
| 6:27 | Slaughterhouse |
| 6:29 | Black Citadel |
| 6:52 | Spiked Carapace |
| 7:00 | Death Coil |
| 7:22 | Creature Attack |
| 7:44 | Ziggurat |
| 8:26 | Carrion Beetles |
| 8:57 | Obsidian Statue |
| 8:58 | Destroyer Form |
| 8:59 | Disease Cloud |
| 9:24 | Web |
| 9:33 | Obsidian Statue |
| 9:37 | Ziggurat |
| 9:40 | Acolyte |
| 9:40 | Acolyte |
| 9:40 | Acolyte |
| 9:41 | Acolyte |
| 9:42 | Acolyte |
| 10:26 | Frost Nova |
| 10:30 | Unholy Aura |
| 11:29 | Improved Creature Attack |
| 11:29 | Creature Carapace |
| 12:51 | Abomination |
| 12:51 | Abomination |
| 12:55 | Slaughterhouse |
| 12:58 | Unholy Armor |
| 12:59 | Unholy Strength |
| 13:03 | Graveyard |
| 13:08 | Ziggurat |
| 14:08 | Ziggurat |
| 14:09 | Ziggurat |
| 14:25 | Meat Wagon |
| 14:26 | Meat Wagon |
| 14:59 | Crypt Fiend |
| 15:00 | Crypt Fiend |
| 15:42 | Exhume Corpses |
| 15:44 | Meat Wagon |
| 16:46 | Obsidian Statue |
| 17:35 | Orb of Corruption |
| 17:35 | Potion of Healing |
| 17:53 | Abomination |
| 18:55 | Advanced Creature Attack |
| 19:01 | Sacrificial Pit |
| 19:29 | Abomination |
| 19:45 | Spirit Tower |
| 19:52 | Improved Unholy Strength |
| 19:59 | Obsidian Statue |
| 20:36 | Boneyard |
| 20:39 | Boneyard |
| 20:42 | Ziggurat |
| 21:50 | Improved Unholy Armor |
| 21:53 | Advanced Unholy Strength |
| 22:04 | Frost Wyrm |
| 23:46 | Frost Wyrm |
| 24:13 | Frost Wyrm |
| 24:33 | Improved Creature Carapace |
| 24:37 | Abomination |
| 26:09 | Death Coil |
| 27:16 | Crypt Fiend |
| 27:22 | Abomination |
| 27:51 | Abomination |
| 28:29 | Dark Ritual |
| 28:45 | Frost Wyrm |
| Right click | 1148 |
| Select | 357 |
| Misc. action | 105 |
| Build/train/purchase | 98 |
| Select group | 58 |
| Use ability | 21 |
| Assign group | 20 |
| Chat | 10 |
| Esc | 2 |
โ